 Dungeon Crawl Stone Soup version 0.16-a0-1858-gba9b1e2 (webtiles) character file.

38250 RobertPalmer the Transmogrifier (level 13, 0/97 HPs)
             Began as a Demonspawn Transmuter on Nov 4, 2014.
             Was a Follower of Ru.
             Slain by a spiny frog (15 damage)
             ... on level 7 of the Lair of Beasts.
             The game lasted 01:07:06 (19918 turns).

RobertPalmer the Transmogrifier (DsTm)             Turns: 19918, Time: 01:07:06

Health: 0/97       AC:  7    Str: 11    XL:     13   Next: 62%
Magic:  16/22      EV: 18    Int: 18    God:    Ru [*.....]
Gold:   1129       SH:  0    Dex: 18    Spells: 5 memorised, 5 levels left

rFire  x . .     SeeInvis .       - Unarmed
rCold  + + +     Clarity  .     C - melded +2 robe {MR+}
rNeg   . . .     SustAb   .     (shield currently unavailable)
rPois  +         Gourm    .     h - melded +0 hat {MR+}
rElec  .         Spirit   .     M - melded +0 cloak
rCorr  .         Warding  .     (gloves currently unavailable)
rMut   .         Stasis   .     J - melded +0 pair of boots
MR     .....                    S - amulet of rage
Stlth  ++........               X - ring of wizardry
                                E - +3 ring of dexterity

@: ice-form, regenerating, not resistant to hostile enchantments, unstealthy
A: (horns 0), (iridescent scales 0), demonic guardian 1, powered by death 3,
slow healing 1, inability to train armour
a: End Transformation, Sacrifice Artifice, Sacrifice Nimbleness, Sacrifice
Health, Reject Sacrifices, Renounce Religion, Evoke Berserk Rage


You were on level 7 of the Lair of Beasts.
You worshipped Ru.
Ru was aware of your devotion.
You were not hungry.
You were a creature of crystalline ice.
You visited 3 branches of the dungeon, and saw 17 of its levels.
You also visited: Ossuary.

You collected 1129 gold pieces.


Innate Abilities, Weirdness & Mutations

((You have a pair of small horns on your head.))
((You are mostly covered in iridescent scales (AC +6).))
A weak demonic guardian rushes to your aid.
You can steal the life force of all defeated enemies in sight.
You heal slowly when monsters are visible.
You cannot train your Armour skill.


   Skills:
 - Level 1.0 Fighting
 - Level 11.7 Dodging
 + Level 12.2 Unarmed Combat
 - Level 3.6 Spellcasting
 - Level 2.1 Necromancy
 - Level 12.3 Transmutations
 - Level 5.4 Ice Magic


You had 5 spell levels left.
You knew the following spells:

 Your Spells              Type           Power        Failure   Level  Hunger
c - Blade Hands           Trmt           #####.....   1%          5    ######.
g - Regeneration          Chrm/Necr      #.........   12%         3    ###....
x - Ice Form              Ice/Trmt       #####...     1%          4    ####...
z - Beastly Appendage     Trmt           #####.       1%          1    None
Z - Animate Skeleton      Necr           N/A          3%          1    None

Inventory:

Hand weapons
 b - a +1 blowgun
Missiles
 u - 160 arrows
 H - 9 curare-tipped needles
 Q - 7 arrows of flame
Armour
 h - a +0 hat of magic resistance (melded)
 C - a +2 robe of magic resistance (melded)
 J - a +0 pair of boots (melded)
 M - a +0 cloak (melded)
Magical staves
 m - an uncursed staff of power {!a}
Jewellery
 n - a cursed -4 ring of strength {unknown}
 q - an uncursed amulet of resist mutation
 y - an uncursed ring of magical power
 E - a +3 ring of dexterity (left front paw)
 O - an uncursed ring of teleportation
 S - an amulet of rage (around neck)
 X - a ring of wizardry (right front paw)
Magical devices
 f - a wand of enslavement (7)
 z - a wand of polymorph (8)
Scrolls
 g - 8 scrolls of remove curse
 k - 5 scrolls of amnesia
 l - 3 scrolls of recharging
 A - a scroll of fog
 G - 2 scrolls of magic mapping
 N - a scroll of enchant weapon
Potions
 e - 3 potions of cancellation
 i - 2 potions of might
 j - 2 potions of haste
 o - a potion of brilliance {unknown}
 r - 2 potions of poison {unknown}
 t - a potion of cure mutation {unknown}
 w - 5 potions of agility
 x - 2 potions of degeneration {unknown}
 B - a potion of invisibility
 K - 2 potions of restore abilities
 L - 2 potions of magic {unknown}
 P - a potion of curing
 T - a potion of flight {unknown}
Books
 d - a book of Changes
 p - a book of Necromancy
 D - a book of Battle
 W - a book of Flames
Miscellaneous
 R - a disc of storms
Comestibles
 a - 8 bread rations
 c - 18 fruits
 s - 5 meat rations
 v - 4 beef jerkies
 F - 2 slices of pizza
 I - 3 royal jellies
 U - 4 chunks of flesh {@w1}

Dungeon Overview and Level Annotations

Branches:
Dungeon (8/15)             Temple (1/1) D:5            Lair (8/8) D:8
 Shoals (0/5) Lair:6        Snake (0/5) Lair:4
  Slime: Lair:6-8

Altars:
Dithmenos
Gozag
Kikubaaqudgha
Makhleb
Ru
Trog
Vehumet
Xom
Yredelemnul
Beogh

Annotations:
Lair:7 exclusion: oklob plant
Lair:8 Snorg

.................##....##
........................##
.........................##
......................P...#
.....................##...#
.........................##
....................#.#...#
............#.............#
............PP..YZ........##
...............FF.........P##
.................>....#.....#
.......................#....#
.....................###.####
....................#.####
.............ยง.........#.#####
......................#.#.#P.#
.............................#


You could see a spiny frog, a blink frog and a friendly giant frog skeleton.


Message History

The spiny frog completely misses you. The blink frog hits you!
* * * LOW HITPOINT WARNING * * *
The blink frog blinks!
Unknown command.
You pummel the water moccasin!! You freeze the water moccasin!
You kill the water moccasin!
The giant frog completely misses you. The spiny frog stings you!
* * * LOW HITPOINT WARNING * * *
Unknown command.
You hit the giant frog but do no damage.
The giant frog is moderately wounded.
The giant frog hits you.
* * * LOW HITPOINT WARNING * * *
The spiny frog misses you.
Unknown command.
Your giant frog skeleton hits the giant frog.
The blink frog blinks!
The spiny frog stings your giant frog skeleton!
Your giant frog skeleton is destroyed!
The giant frog hits you but does no damage.
The giant frog is no longer moving slowly.
The giant frog closely misses you.
Some of the chunks of flesh in your inventory have rotted away.
Unknown command.
You pummel the giant frog!! You freeze the giant frog!
You kill the giant frog!
Your skin crawls.
The blink frog hits you!
* * * LOW HITPOINT WARNING * * *
The spiny frog stings you!
You die...

Action                   |  1- 3 |  4- 6 |  7- 9 | 10-12 | 13-15 || total
-------------------------+-------+-------+-------+-------+-------++-------
Melee: Unarmed           |   125 |   281 |   744 |   715 |   310 ||  2175
 Fire: Blowgun           |       |       |     2 |       |       ||     2
Throw: Throwing net      |       |       |    11 |     2 |       ||    13
 Cast: Beastly Appendage |    22 |    29 |    55 |     1 |       ||   107
       Ice Form          |       |       |     9 |    65 |    18 ||    92
       Regeneration      |       |       |       |     5 |    21 ||    26
       Animate Skeleton  |       |       |       |       |     3 ||     3
       Blade Hands       |       |       |       |       |     1 ||     1
Invok: Sacrifice Purity  |       |       |     1 |       |       ||     1
       Sacrifice Durabil |       |       |     1 |       |       ||     1
       Reject Sacrifices |       |       |       |     1 |       ||     1
 Abil: End Transformatio |       |       |     2 |     3 |     2 ||     7
Evoke: Wand              |       |       |     7 |     3 |       ||    10
  Use: Potion            |     4 |     3 |     4 |     8 |     8 ||    27
       Scroll            |       |     1 |     8 |     9 |     1 ||    19
 Stab: Sleeping          |     1 |     2 |     1 |     1 |     1 ||     6
       Distracted        |       |       |     7 |     9 |     3 ||    19
       Held in net/web   |       |       |     6 |     3 |       ||     9
       Invisible         |       |       |       |     4 |     3 ||     7
       Fleeing           |       |       |       |     1 |       ||     1
  Eat: Chunk             |     4 |     5 |    21 |    39 |    14 ||    83
       Meat ration       |       |     1 |       |       |       ||     1
       Pizza             |       |       |     1 |       |       ||     1
       Fruit             |       |       |       |     1 |       ||     1

Vault maps used:
D:1:      minmay_arrival_stair_chambers, item_on_display_b
D:2:      lemuel_round_altar, first_bread, minmay_crystal_room
D:3:      kennysheep_orc_chapel
D:4:      nicolae_overflow_crystal_walls, minmay_large_rounded_square
D:5:      minmay_temple_entry_overgrown, uniq_edmund, uniq_prince_ribbit1,
          uniq_eustachio
D:6:      nicolae_ossuary_entry_giza, st_stairs_4, uniq_blork_the_orc, uniq_iyjb
D:7:      basic_altar, nrook_mini_vaults
D:8:      kennysheep_housing_project, dpeg_oklobed_lair
Temple:   nicolae_temple_the_god_donut
Lair:1:   mu_elephants_graveyard
Lair:3:   lemuel_fruit_tree, uniq_gastronok
Lair:4:   guppyfry_snake_entry_garden, grunt_forest_stairs_clearing
Lair:6:   minmay_shoals_entry_hut
Lair:7:   minmay_slime_entry_oklob_open
Lair:8:   minmay_lair_end_frog_pond, uniq_snorg
Ossuary:  ossuary_tomb_1

Notes
Turn   | Place    | Note
--------------------------------------------------------------
     0 | D:1      | RobertPalmer, the Demonspawn Transmuter, began the quest for the Orb.
     0 | D:1      | Reached XP level 1. HP: 15/15 MP: 3/3
    89 | D:1      | Reached skill level 3 in Unarmed Combat
   289 | D:1      | Gained mutation: A weak demonic guardian rushes to your aid. [demonic ancestry]
   289 | D:1      | Reached XP level 2. HP: 18/21 MP: 2/4
   994 | D:1      | Gained mutation: You have a pair of small horns on your head. [demonic ancestry]
   994 | D:1      | Reached XP level 3. HP: 10/26 MP: 4/6
  1447 | D:2      | Reached skill level 4 in Unarmed Combat
  1713 | D:2      | Found a shadowy altar of Dithmenos.
  1971 | D:2      | Gained mutation: You can steal the life force of nearby defeated enemies. [demonic ancestry]
  1971 | D:2      | Reached XP level 4. HP: 27/32 MP: 5/7
  2766 | D:3      | Found a roughly hewn altar of Beogh.
  2785 | D:3      | Reached skill level 5 in Unarmed Combat
  3107 | D:3      | Gained mutation: You are partially covered in iridescent scales (AC +4). [demonic ancestry]
  3107 | D:3      | Reached XP level 5. HP: 23/37 MP: 7/9
  3520 | D:3      | Reached skill level 6 in Unarmed Combat
  3569 | D:3      | Reached XP level 6. HP: 38/43 MP: 8/10
  3833 | D:3      | Reached skill level 2 in Dodging
  4021 | D:4      | Found a bloodstained altar of Trog.
  4219 | D:4      | Reached skill level 3 in Dodging
  4546 | D:5      | Entered Level 5 of the Dungeon
  4584 | D:5      | Found a staircase to the Ecumenical Temple.
  4607 | Temple   | Entered the Ecumenical Temple
  4624 | Temple   | Became a worshipper of Ru the Awakened
  4656 | D:5      | Reached skill level 4 in Dodging
  4665 | D:5      | Learned a level 4 spell: Ice Form
  4679 | D:5      | Reached skill level 2 in Transmutations
  4679 | D:5      | Reached XP level 7. HP: 21/48 MP: 12/12
  5044 | D:5      | Noticed Prince Ribbit
  5147 | D:5      | Reached skill level 3 in Transmutations
  5272 | D:5      | Killed Prince Ribbit
  5272 | D:5      | Reached skill level 4 in Transmutations
  5497 | D:5      | Noticed Eustachio
  5537 | D:5      | Killed Eustachio
  5537 | D:5      | Reached skill level 5 in Transmutations
  5774 | D:5      | Gained mutation: You are mostly covered in iridescent scales (AC +6). [demonic ancestry]
  5774 | D:5      | Reached XP level 8. HP: 50/54 MP: 13/13
  5924 | D:5      | Noticed Edmund
  5941 | D:5      | Killed Edmund
  5941 | D:5      | Reached skill level 6 in Transmutations
  6141 | D:6      | Noticed Ijyb
  6153 | D:6      | Found a sand-covered staircase.
  6161 | Ossuary  | Entered an ossuary
  6209 | Ossuary  | Gained mutation: You heal slowly when monsters are visible. [Ru sacrifice]
  6394 | Ossuary  | Reached skill level 7 in Transmutations
  6502 | D:6      | Noticed Blork the orc
  6519 | D:6      | Killed Blork the orc
  6626 | D:6      | HP: 4/54 [goliath beetle (19)]
  6881 | D:6      | Reached skill level 8 in Transmutations
  6897 | D:6      | Killed Ijyb
  7170 | D:6      | Reached skill level 1 in Ice Magic
  7275 | D:6      | Reached skill level 2 in Ice Magic
  7307 | D:6      | Reached XP level 9. HP: 54/59 MP: 14/14
  7350 | D:6      | Reached skill level 3 in Ice Magic
  7710 | D:7      | Found a shimmering altar of Xom.
  7817 | D:7      | Reached skill level 4 in Ice Magic
  7978 | D:7      | Gained mutation: You cannot train your Armour skill. [Ru sacrifice]
  7978 | D:7      | Acquired Ru's first power
  8116 | D:7      | Reached skill level 5 in Ice Magic
  9216 | D:8      | Found a staircase to the Lair.
 10104 | D:8      | Reached skill level 7 in Unarmed Combat
 10487 | Lair:1   | Entered Level 1 of the Lair of Beasts
 10501 | D:8      | Reached skill level 8 in Unarmed Combat
 10581 | D:8      | Reached XP level 10. HP: 32/65 MP: 4/16
 10960 | D:8      | Reached skill level 9 in Unarmed Combat
 11165 | Lair:1   | Noticed an elephant
 11176 | Lair:1   | Killed an elephant
 11214 | Lair:1   | Noticed an elephant
 11214 | Lair:1   | Noticed an elephant
 11266 | Lair:1   | Killed an elephant
 11266 | Lair:1   | Reached skill level 10 in Unarmed Combat
 11274 | Lair:1   | Killed an elephant
 11376 | Lair:1   | Noticed an elephant
 11436 | Lair:1   | Noticed an elephant
 11451 | Lair:1   | Noticed an elephant
 11453 | Lair:1   | Killed an elephant
 11458 | Lair:1   | Killed an elephant
 11470 | Lair:1   | Killed an elephant
 11470 | Lair:1   | Reached skill level 11 in Unarmed Combat
 11597 | Lair:1   | Noticed an elephant
 11609 | Lair:1   | Killed an elephant
 11740 | Lair:1   | Reached skill level 5 in Dodging
 11740 | Lair:1   | Reached XP level 11. HP: 65/70 MP: 17/17
 11806 | Lair:1   | Noticed an elephant
 11817 | Lair:1   | Killed an elephant
 11830 | Lair:1   | Noticed a spiny frog
 11841 | Lair:1   | Killed a spiny frog
 11851 | Lair:1   | Reached skill level 6 in Dodging
 12023 | Lair:1   | Noticed an elephant
 12037 | Lair:1   | Killed an elephant
 12102 | Lair:1   | Noticed an elephant
 12111 | Lair:1   | Killed an elephant
 12123 | Lair:1   | Noticed an elephant
 12123 | Lair:1   | Noticed an elephant
 12176 | Lair:1   | Killed an elephant
 12176 | Lair:1   | Reached skill level 7 in Dodging
 12183 | Lair:1   | Killed an elephant
 12232 | Lair:1   | Noticed an elephant
 12232 | Lair:1   | Noticed an elephant
 12282 | Lair:1   | Killed an elephant
 12326 | Lair:1   | Killed an elephant
 12409 | Lair:1   | Noticed an elephant
 12421 | Lair:1   | Killed an elephant
 12421 | Lair:1   | Reached skill level 8 in Dodging
 12459 | Lair:1   | Noticed an elephant
 12474 | Lair:1   | Killed an elephant
 12501 | Lair:1   | Noticed an elephant
 12514 | Lair:1   | Killed an elephant
 13000 | Lair:2   | Reached skill level 9 in Dodging
 13170 | Lair:2   | HP: 6/84 [yak (8)]
 13430 | Lair:2   | Reached skill level 10 in Dodging
 13906 | Lair:3   | Noticed a four-headed hydra
 13916 | Lair:3   | Killed a four-headed hydra
 14076 | Lair:3   | Gained mutation: You can steal the life force of defeated enemies. [demonic ancestry]
 14076 | Lair:3   | Reached XP level 12. HP: 76/76 MP: 18/18
 14164 | Lair:3   | Noticed an eight-headed hydra
 14372 | Lair:3   | Reached skill level 11 in Dodging
 14425 | Lair:3   | Learned a level 5 spell: Blade Hands
 14429 | Lair:3   | Learned a level 3 spell: Regeneration
 14838 | Lair:3   | Noticed Gastronok
 14849 | Lair:3   | Killed Gastronok
 15114 | Lair:3   | Killed an eight-headed hydra
 15707 | Lair:4   | Reached skill level 1 in Necromancy
 15732 | Lair:4   | Reached skill level 2 in Necromancy
 15786 | Lair:4   | Found a staircase to the Snake Pit.
 15880 | Lair:4   | Reached skill level 9 in Transmutations
 16213 | Lair:4   | Reached skill level 10 in Transmutations
 16510 | Lair:5   | Noticed a seven-headed hydra
 17349 | Lair:6   | Reached skill level 11 in Transmutations
 17418 | Lair:6   | Found a staircase to the Shoals.
 17593 | Lair:6   | Gained mutation: You can steal the life force of all defeated enemies in sight. [demonic ancestry]
 17593 | Lair:6   | Reached XP level 13. HP: 74/81 MP: 17/19
 18314 | Lair:7   | Reached skill level 12 in Transmutations
 18906 | Lair:7   | Identified a scroll of acquirement
 18913 | Lair:7   | Learned a level 1 spell: Animate Skeleton
 18927 | Lair:8   | Entered Level 8 of the Lair of Beasts
 19063 | Lair:7   | Reached skill level 3 in Spellcasting
 19085 | Lair:8   | Noticed Snorg
 19549 | Lair:7   | HP: 5/97 [spiny frog (17)]
 19711 | Lair:7   | Reached skill level 12 in Unarmed Combat
 19918 | Lair:7   | Slain by a spiny frog

Vanquished Creatures
  Gastronok (Lair:3)
  2 hydras (Lair:3)
  2 griffons
  20 elephants
  3 black mambas
  4 komodo dragons
  20 spiny frogs
  A fire drake (Lair:2)
  A polar bear (Lair:4)
  A two-headed ogre (D:8)
  A snapping turtle (Lair:6)
  Prince Ribbit (D:5)
  2 basilisks
  12 blink frogs
  A spriggan (Lair:4)
  28 yaks
  Eustachio (D:5)
  15 wolves
  6 hippogriffs
  3 nagas (Lair:4)
  2 vampire mosquitoes
  Edmund (D:5)
  13 water moccasins
  7 porcupines
  2 black bears
  A sky beast (D:5)
  2 phantoms (D:6)
  4 ogres
  An elf zombie (Ossuary)
  9 crocodiles
  2 big kobolds (D:8)
  2 centaurs (D:6)
  21 giant frogs
  Blork the orc (D:6)
  A gnoll sergeant (D:8)
  A scorpion (D:6)
  4 wights (D:7)
  A troll skeleton (D:7)
  3 centaur zombies (Ossuary)
  2 crimson imps
  A giant frog zombie (D:5)
  2 goliath beetles
  3 jellies
  3 gnoll shamans (D:8)
  A quasit (D:5)
  A yellow wasp zombie (D:8)
  A human zombie (Ossuary)
  10 hounds
  5 iguanas
  5 orc wizards
  5 orc priests
  3 worker ants (D:5)
  23 sheep
  A big kobold zombie (Ossuary)
  Ijyb (D:6)
  3 mummies
  20 adders
  13 gnolls
  2 shadow imps
  33 green rats
  7 giant mites
  2 worms (D:3)
  A gnoll zombie (D:7)
  An adder skeleton (D:6)
  A wandering mushroom (D:8)
  2 adder zombies
  4 giant geckos
  2 oozes
  21 orcs
  2 ball pythons (D:1)
  A bat skeleton (D:7)
  A bat zombie (D:8)
  21 hobgoblins
  12 jackals
  20 kobolds
  19 bats
  5 giant cockroaches
  12 giant newts
  13 goblins
  A goblin skeleton (D:4)
  A goblin zombie (Ossuary)
  A hobgoblin skeleton (D:4)
  9 hobgoblin zombies (Ossuary)
  3 jackal zombies
  A kobold skeleton (D:3)
  13 kobold zombies
  6 orc zombies
  7 quokkas
  17 rats
  2 rat zombies (Ossuary)
  A fungus (Lair:3)
550 creatures vanquished.

Vanquished Creatures (collateral kills)
  A hydra (Lair:7)
  2 elephants
  2 black mambas (Lair:6)
  A spiny frog (Lair:8)
  2 blink frogs (Lair:7)
  2 wolves
  A hill giant skeleton (D:8)
  A wandering mushroom (D:8)
  A gnoll shaman (D:4)
  An orc wizard (D:3)
  An iguana (Lair:2)
  3 gnolls
  A white imp (D:5)
  A giant cockroach (D:7)
  A goblin (D:3)
  A rat (Lair:3)
22 creatures vanquished.

Vanquished Creatures (others)
  28 iron imps
  23 crimson imps
  26 quasits
  37 white imps
  39 ufetubi
  A giant frog skeleton (Lair:7)
  A spiny frog skeleton (Lair:7)
  28 fungi
  9 plants
192 creatures vanquished.

Grand Total: 764 creatures vanquished
